[ AOE2 MATCH · #495827355 ]
UnrankedWu vs Japanese
Player's team · WIN
Rival team · LOSS
[ REPLAY ANALYSIS · EXTRACTED FROM THE RECORDED GAME ]
Feudal
10:31
Castle
—
Imperial
—
| APM avg | 60.1 |
| APM peak | 96 |
| eAPM avg | 19.3 |
| Villagers / military | 41 / 7 |
Focus
⚔️ 36.0% · 🌾 64.0%
Archer ×4 · Militia ×3
Feudal
9:32
Castle
—
Imperial
—
| APM avg | 49.1 |
| APM peak | 80 |
| eAPM avg | 22.2 |
| Villagers / military | 32 / 6 |
Focus
⚔️ 42.1% · 🌾 57.9%
Archer ×5 · Spearman ×1
Match map
Initial resources + every placement click. Lines = walls · curves = elevation contours. ◆ gold · ⬟ stone · ● berries · ✦ relic · ◌ wall gap
Your base· Open — unwalled flank
OS+ | Tiggerr's base· Open — unwalled flank
Smoothed initial terrain · ◌ = detected wall gap · hover for details
Inputs per minute
— Fs.Jubileu - - OS+ | Tiggerr
Build order — Fs.Jubileu
76 actions detected in the replay
| 0:00 | Create | Villager (Male) |
| 0:00 | Create | Villager (Male) |
| 0:00 | Create | Villager (Male) |
| 0:00 | Create | Villager (Male) |
| 0:00 | Create | Villager (Male) |
| 0:00 | Create | Villager (Male) |
| 0:02 | Build | House |
| 0:02 | Build | House |
| 0:07 | Build | House |
| 1:24 | Create | Villager (Male) |
| 1:24 | Create | Villager (Male) |
| 2:04 | Create | Villager (Male) |
| 2:04 | Create | Villager (Male) |
| 2:26 | Create | Villager (Male) |
| 2:26 | Create | Villager (Male) |
| 2:37 | Build | Barracks |
| 2:48 | Create | Villager (Male) |
| 3:06 | Build | House |
| 3:15 | Create | Villager (Male) |
| 3:34 | Create | Villager (Male) |
| 3:40 | Create | Militia |
| 3:40 | Create | Militia |
| 3:59 | Build | House |
| 4:11 | Create | Militia |
| 4:12 | Create | Villager (Male) |
| 4:12 | Create | Villager (Male) |
| 4:12 | Create | Villager (Male) |
| 4:31 | Create | Villager (Male) |
| 5:00 | Create | Villager (Male) |
| 5:24 | Create | Villager (Male) |
| 5:44 | Create | Villager (Male) |
| 5:49 | Build | Lumber Camp |
| 6:17 | Create | Villager (Male) |
| 6:36 | Research | Loom |
| 7:08 | Create | Villager (Male) |
| 7:11 | Create | Villager (Male) |
| 7:46 | Create | Villager (Male) |
| 8:08 | Build | Mining Camp |
| 8:21 | Research | Feudal Age |
| 9:30 | Build | Mill |
| 10:20 | Create | Villager (Male) |
| 10:21 | Create | Villager (Male) |
| 10:24 | Build | House |
| 10:31 | Age | Feudal Age |
| 10:33 | Research | Man-at-Arms (upgrade) |
| 10:44 | Create | Villager (Male) |
| 10:55 | Build | Archery Range |
| 11:05 | Create | Villager (Male) |
| 11:17 | Create | Villager (Male) |
| 11:23 | Research | Double-Bit Axe |
| 11:26 | Build | Palisade Wall |
| 11:29 | Create | Villager (Male) |
| 11:38 | Build | House |
| 11:42 | Create | Archer |
| 11:47 | Create | Villager (Male) |
| 12:07 | Create | Archer |
| 12:09 | Build | Palisade Wall |
| 12:12 | Build | Farm |
| 12:22 | Create | Villager (Male) |
| 12:27 | Create | Villager (Male) |
| 12:30 | Build | Farm |
| 12:36 | Build | Farm |
| 12:44 | Create | Archer |
| 12:45 | Create | Villager (Male) |
| 12:49 | Build | Palisade Wall |
| 13:00 | Create | Archer |
| 13:03 | Create | Villager (Male) |
| 13:05 | Build | Farm |
| 13:07 | Build | Farm |
| 13:23 | Build | House |
| 13:26 | Create | Villager (Male) |
| 13:38 | Create | Villager (Male) |
| 13:54 | Build | Farm |
| 13:56 | Build | Farm |
| 14:28 | Create | Villager (Male) |
| 14:40 | Create | Villager (Male) |
Build order — OS+ | Tiggerr
79 actions detected in the replay
| 0:00 | Create | Villager (Male) |
| 0:01 | Create | Villager (Male) |
| 0:02 | Build | House |
| 0:03 | Build | House |
| 0:11 | Create | Villager (Male) |
| 0:12 | Create | Villager (Male) |
| 1:32 | Create | Villager (Male) |
| 2:01 | Create | Villager (Male) |
| 2:10 | Build | Mill |
| 2:26 | Create | Villager (Male) |
| 2:45 | Create | Villager (Male) |
| 2:58 | Build | Lumber Camp |
| 3:09 | Create | Villager (Male) |
| 3:20 | Create | Villager (Male) |
| 3:53 | Build | House |
| 3:58 | Build | House |
| 4:03 | Create | Villager (Male) |
| 4:29 | Create | Villager (Male) |
| 4:30 | Create | Villager (Male) |
| 4:33 | Build | Palisade Wall |
| 4:44 | Create | Villager (Male) |
| 5:26 | Create | Villager (Male) |
| 5:38 | Create | Villager (Male) |
| 5:47 | Build | Mill |
| 6:23 | Research | Loom |
| 6:25 | Build | Palisade Wall |
| 6:26 | Build | Palisade Wall |
| 6:37 | Build | Palisade Wall |
| 6:39 | Build | Palisade Wall |
| 6:41 | Build | House |
| 6:51 | Create | Villager (Male) |
| 7:10 | Build | Palisade Wall |
| 7:12 | Build | Palisade Wall |
| 7:22 | Research | Feudal Age |
| 7:26 | Build | Mining Camp |
| 7:27 | Build | Palisade Wall |
| 7:49 | Build | Palisade Wall |
| 7:50 | Build | Palisade Wall |
| 8:15 | Build | Palisade Wall |
| 8:22 | Build | Palisade Wall |
| 8:33 | Build | Palisade Wall |
| 8:45 | Build | Barracks |
| 9:06 | Create | Villager (Male) |
| 9:32 | Age | Feudal Age |
| 9:33 | Build | Mill |
| 9:38 | Create | Villager (Male) |
| 9:44 | Build | Palisade Wall |
| 9:47 | Build | Palisade Wall |
| 9:58 | Create | Villager (Male) |
| 10:11 | Build | Archery Range |
| 10:17 | Create | Villager (Male) |
| 10:21 | Create | Villager (Male) |
| 10:29 | Create | Spearman |
| 10:50 | Create | Villager (Male) |
| 10:53 | Build | Watch Tower |
| 10:58 | Create | Villager (Male) |
| 11:14 | Build | Farm |
| 11:15 | Build | Farm |
| 11:22 | Create | Archer |
| 11:36 | Build | Farm |
| 11:45 | Build | Palisade Wall |
| 11:48 | Build | House |
| 11:55 | Build | House |
| 12:06 | Create | Archer |
| 12:11 | Create | Villager (Male) |
| 12:12 | Create | Villager (Male) |
| 12:22 | Create | Villager (Male) |
| 12:24 | Build | Farm |
| 12:33 | Create | Archer |
| 12:47 | Create | Archer |
| 13:04 | Create | Villager (Male) |
| 13:08 | Build | Mining Camp |
| 13:18 | Create | Archer |
| 13:29 | Build | Farm |
| 13:36 | Build | Farm |
| 13:39 | Create | Villager (Male) |
| 13:43 | Create | Villager (Male) |
| 14:01 | Create | Villager (Male) |
| 14:37 | Create | Villager (Male) |
Match timeline
| 2:37 | Fs.Jubileu · first_building Barracks |
| 4:33 | OS+ | Tiggerr · wall_segment Palisade Wall x11 |
| 6:25 | OS+ | Tiggerr · wall_segment Palisade Wall x1 |
| 6:26 | OS+ | Tiggerr · wall_segment Palisade Wall x1 |
| 6:37 | OS+ | Tiggerr · wall_segment Palisade Wall x1 |
| 6:39 | OS+ | Tiggerr · wall_segment Palisade Wall x1 |
| 7:10 | OS+ | Tiggerr · wall_segment Palisade Wall x1 |
| 7:12 | OS+ | Tiggerr · wall_segment Palisade Wall x1 |
| 7:27 | OS+ | Tiggerr · wall_segment Palisade Wall x1 |
| 7:49 | OS+ | Tiggerr · wall_segment Palisade Wall x1 |
| 7:50 | OS+ | Tiggerr · wall_segment Palisade Wall x1 |
| 8:15 | OS+ | Tiggerr · wall_segment Palisade Wall x1 |
| 8:22 | OS+ | Tiggerr · wall_segment Palisade Wall x1 |
| 8:33 | OS+ | Tiggerr · wall_segment Palisade Wall x1 |
| 8:45 | OS+ | Tiggerr · first_building Barracks |
| 9:32 | OS+ | Tiggerr · age_up feudal |
| 9:44 | OS+ | Tiggerr · wall_segment Palisade Wall x1 |
| 9:47 | OS+ | Tiggerr · wall_segment Palisade Wall x1 |
| 10:11 | OS+ | Tiggerr · first_building Archery Range |
| 10:31 | Fs.Jubileu · age_up feudal |
| 10:55 | Fs.Jubileu · first_building Archery Range |
| 11:26 | Fs.Jubileu · wall_segment Palisade Wall x12 |
| 11:45 | OS+ | Tiggerr · wall_segment Palisade Wall x1 |
| 12:09 | Fs.Jubileu · wall_segment Palisade Wall x1 |
| 12:49 | Fs.Jubileu · wall_segment Palisade Wall x5 |
| 14:41 | OS+ | Tiggerr · resign |
[ AI ANALYSIS · 1 CREDIT ]
What really happened in this match?
Wolo.gg analyzes every decision: build order, eco, micro, common mistakes by bracket. Personalized analysis on WhatsApp or Discord in 30 seconds.
Civ guide
Wu
Perfil
Jugador #284552